 Dungeon Crawl Stone Soup version 0.29.1-14-g9c671dbff4 (webtiles) character file.

Game seed: 12833713880345727234

6010 DungeonMaster the Fighter (level 10, -1/123 HPs)
             Began as a Demonspawn Wanderer on Feb 18, 2023.
             Was an Initiate of Gozag.
             Succumbed to a kobold brigand's curare-tipped dart
             ... on level 8 of the Dungeon.
             The game lasted 00:30:01 (10315 turns).

DungeonMaster the Fighter (Demonspawn Wanderer)    Turns: 10315, Time: 00:30:02

Health: -1/123     AC: 25    Str: 21    XL:     10   Next: 56%
Magic:  10/10      EV:  2    Int: 13    God:    Gozag
Gold:   1017       SH:  6    Dex: 15    Spells: 9/9 levels left

rFire   . . .      SeeInvis .   a - +2 hand axe (flame)
rCold   . . .      Faith    .   q - +0 buckler
rNeg    . . .      Spirit   .   (body armour currently unavailable)
rPois   +          Reflect  .   (helmet currently unavailable)
rElec   .          Harm     .   (cloak currently unavailable)
rCorr   .          Rampage  .   (gloves currently unavailable)
Will    .....      NoTele   +   (boots currently unavailable)
Stlth   ++........              (no amulet)
HPRegen 0.30/turn               y - +6 ring of strength
MPRegen 0.12/turn               p - +4 ring of slaying

@: lethally poisoned (-1 -> -14), tree-form, gold aura, slowed, very slow
A: stationary, stasis, torment immunity, boosted hp, (hooves 2), (spiny 2)
a: Renounce Religion, Potion Petition, Call Merchant, Bribe Branch


You were on level 8 of the Dungeon.
You worshipped Gozag.
Gozag was most pleased with you.
You were a tree.
You visited 2 branches of the dungeon, and saw 9 of its levels.
You visited the Abyss 1 time.

You collected 1080 gold pieces.
You paid 63 gold pieces to Gozag.

Inventory:

Hand Weapons
 a - a +2 hand axe of flaming (weapon)
 d - a +1 demon whip of venom
 e - a +2 short sword of speed
 s - a +2 flail of protection
 u - a +4 dagger of chaos
 w - the +6 sling "Xoshas" {venom, rN+ Will+ Dex+2}
   (You found it on level 4 of the Dungeon)

   Any ammunition fired from it poisons the flesh of those it strikes.
   Dex:       It affects your dexterity (+2).
   rN:        It protects you from negative energy.
   Will:      It increases your willpower.
 x - a +4 short sword
 J - a +2 hand axe of freezing
Missiles
 j - 17 poisoned darts (quivered)
 v - 80 stones
 z - a curare-tipped dart
Armour
 c - a +0 pair of gloves (melded)
 g - a +0 chain mail (melded)
 h - a +1 pair of boots (melded)
 k - a scarf of invisibility
 l - a +0 cloak (melded)
 q - a +0 buckler (worn)
Jewellery
 b - a ring of willpower
 p - a +4 ring of slaying (right branch)
 t - a ring of fire
 y - a +6 ring of strength (left branch)
 A - a ring of protection from cold
Scrolls
 f - a scroll of teleportation
 i - 8 scrolls of identify
Potions
 m - a potion of ambrosia
 n - a potion of mutation
 r - a potion of flight
 B - a potion of magic
 E - a potion of lignification
 I - 2 potions of resistance


   Skills:
 * Level 8.5 Fighting
 - Level 1.0 Long Blades
 - Level 4.5 Axes
 * Level 7.4 Armour
 * Level 7.4 Dodging
 - Level 1.0 Stealth
 * Level 6.6 Shields
 - Level 1.0 Evocations


You had 9 spell levels left.
You didn't know any spells.
Your spell library contained the following spells:

 Spells                   Type           Power      Damage    Failure   Level
 Summon Small Mammal      Summ           0%         N/A       36%         1
 Call Canine Familiar     Summ           0%         N/A       75%         3
 Gell's Gravitas          Tloc           0%         N/A       75%         3
 Summon Guardian Golem    Hex/Summ       0%         N/A       75%         3
 Teleport Other           Tloc           0%         N/A       75%         3
 Dispersal                Tloc           0%         N/A       100%        6
 Orb of Destruction       Conj           0%         9d5       100%        7
 Spellforged Servitor     Conj/Summ      0%         N/A       100%        7


Dungeon Overview and Level Annotations

Branches:
Dungeon (8/15)             Temple (1/1) D:5
   Lair: D:8-11

Altars:
Ashenzari
Dithmenos
Gozag
Hepliaklqana
Kikubaaqudgha
Makhleb
Nemelex Xobeh
Okawaru
Qazlal
Ru
Trog
Uskayaw
Vehumet
Xom

Shops:
D:3 (   D:6 [   D:7 *

Annotations:
D:8 1 runed translucent door, Henri's ghost, amateur SpAM


Innate Abilities, Weirdness & Mutations

You are a tree.
Your roots penetrate the ground, keeping you stationary.
You cannot be teleported.
You are immune to unholy pain and torment.
Your maximum health is greatly increased.
Your equipment is partially melded.
((You have hoof-like feet.))
((You are mostly covered in sharp spines.))


Message History

The kobold brigand throws a curare-tipped dart.
The curare-tipped dart hits you.
You are more poisoned.
You have difficulty breathing.
* * * LOW HITPOINT WARNING * * *
You feel as though you will be slow longer.
You feel much better.
* * * LOW HITPOINT WARNING * * *
You feel extremely sick.
The kobold brigand throws a curare-tipped dart.
The curare-tipped dart hits you.
You are more poisoned.
You have difficulty breathing.
* * * LOW HITPOINT WARNING * * *
You feel as though you will be slow longer.
You hit the kobold brigand but do no damage.
The kobold brigand is severely wounded.
* * * LOW HITPOINT WARNING * * *
You feel extremely sick.
The kobold brigand hits you but does no damage.
You blink.
The kobold brigand throws a curare-tipped dart.
You block the curare-tipped dart.
Throw: 18 darts (poison)
Press: ? - help, Q - select action, (/) - cycle Shift-Dir - straight line, f/p - kobold brigand
Aim: a kobold brigand, wielding a +2 dagger of distortion, wearing a +0 scale mail and quivering curare-tipped darts (severely wounded, poisoned, 64% to hit)
You throw a poisoned dart.
The poisoned dart closely misses the kobold brigand.
* * * LOW HITPOINT WARNING * * *
You feel very sick.
The kobold brigand throws a curare-tipped dart.
You block the curare-tipped dart.
Really quaff the potion of lignification?
You turn into a tree.
Your +0 cloak melds into your body.
Your +0 pair of gloves melds into your body.
Your +1 pair of boots melds into your body.
Your +0 chain mail melds into your body.
Your roots penetrate the ground.
You die...
Your body crumbles into a pile of gold.

*,,,,,,,,* *****
*......,,* *,,,,
*#......,,* *,,,,
*.......,,* *,,,,
#####.......,** *,,,,
#...........,* *,,,,
#..>........,****,,,,
#...........,+,,,,,,,
##...♣.(((...,*,,,,,,,
#........(###*****,,,,
#...(.(((.# *,,,,
#.........###*****,,,,
#............,,,,,,,,,
#....K....###*,,****,,
##.#.(.......,,,,,,,,,
#...#############*###
##..#♣♣.♣♣#.....#♣♣.♣


You could see a kobold brigand (poisoned).

Vanquished Creatures
  Amaemon (D:8)
  A manticore (D:8)
  An orange demon (D:8)
  Psyche (D:8)
  A komodo dragon (D:7)
  A troll (D:7)
  A large abomination (D:8)
  3 water moccasins
  2 acid dragons (D:8)
  3 black bears
  3 orc warriors (D:8)
  A sky beast (D:8)
  An ogre (D:5)
  3 ice beasts
  3 centaurs
  2 phantoms
  2 kobold brigands
  2 necrophages
  4 bullfrogs
  A gnoll sergeant (D:7)
  5 scorpions
  A killer bee (D:8)
  3 howler monkeys (D:7)
  3 jellies (D:6)
  2 hounds
  Crazy Yiuf (D:3)
  2 orc priests
  Jessica (D:3)
  7 orc wizards
  Natasha (D:2)
  5 iguanas
  12 gnolls
  13 adders
  2 shadow imps
  3 white imps
  2 ufetubi
  3 worms
  2 dart slugs (D:1)
  30 orcs
  3 ball pythons
  3 bats
  11 endoplasms
  4 giant cockroaches
  7 hobgoblins
  8 jackals
  5 quokkas
  3 frilled lizards
  7 goblins
  13 kobolds
  7 rats
206 creatures vanquished.

Vanquished Creatures (others)
  2 orc wizards (D:8)
  2 plants (D:5)
4 creatures vanquished.

Grand Total: 210 creatures vanquished

Notes
Turn   | Place    | Note
-------+----------+-------------------------------------------
     0 | D:1      | DungeonMaster the Demonspawn Wanderer began the quest for
                  | the Orb.
     0 | D:1      | DungeonMaster set off with the following items: a +2 hand
                  | axe, a +0 falchion, a +0 pair of gloves, a potion of
                  | lignification, a +0 leather armour.
     0 | D:1      | Reached XP level 1. HP: 16/16 MP: 1/1
    36 | D:1      | Gained mutation: You are partially covered in sharp spines.
                  | [demonic ancestry]
    36 | D:1      | Reached XP level 2. HP: 6/22 MP: 2/2
   283 | D:1      | Reached skill level 1 in Dodging
   310 | D:1      | Reached skill level 1 in Armour
   489 | D:1      | Gained mutation: You have large cloven feet. [demonic
                  | ancestry]
   489 | D:1      | Reached XP level 3. HP: 24/28 MP: 3/3
  1188 | D:2      | Reached skill level 3 in Fighting
  1188 | D:2      | Reached XP level 4. HP: 34/35 MP: 4/4
  2201 | D:3      | Noticed Natasha
  2208 | D:2      | Killed Natasha
  2209 | D:2      | Reached XP level 5. HP: 41/41 MP: 5/5
  2232 | D:3      | Found an ancient bone altar of Kikubaaqudgha.
  2328 | D:3      | Found a runed translucent door.
  2329 | D:3      | Noticed Crazy Yiuf
  2340 | D:3      | Killed Crazy Yiuf
  2552 | D:3      | Found a faded altar of an unknown god.
  2647 | D:3      | Found Xyeleny's Weapon Boutique.
  2743 | D:3      | Noticed Jessica
  2752 | D:3      | Killed Jessica
  2872 | D:3      | Reached XP level 6. HP: 40/48 MP: 6/6
  2941 | D:3      | Reached skill level 4 in Fighting
  3512 | D:4      | Reached skill level 1 in Shields
  3654 | D:4      | Identified the +6 sling "Xoshas" {venom, rN+ Will+ Dex+2}
  4076 | D:5      | Entered Level 5 of the Dungeon
  4188 | D:5      | Gained mutation: You have hoof-like feet. [demonic
                  | ancestry]
  4188 | D:5      | Reached XP level 7. HP: 55/55 MP: 7/7
  4420 | D:5      | Reached skill level 5 in Fighting
  4738 | D:5      | Found a sparkling altar of Nemelex Xobeh.
  4767 | D:5      | Reached XP level 8. HP: 29/62 MP: 8/8
  5090 | D:5      | Found a staircase to the Ecumenical Temple.
  5103 | Temple   | Entered the Ecumenical Temple
  5182 | Temple   | Became a worshipper of Gozag Ym Sagoz the Greedy
  5868 | D:6      | Reached skill level 5 in Dodging
  5871 | D:6      | Reached skill level 6 in Fighting
  5871 | D:6      | Reached skill level 5 in Armour
  5887 | D:6      | HP: 2/64 [centaur/arrow (3)]
  6308 | D:6      | Found Katag's Armour Shoppe.
  6350 | D:6      | Gained mutation: You are mostly covered in sharp spines.
                  | [demonic ancestry]
  6350 | D:6      | Reached XP level 9. HP: 39/71 MP: 9/9
  6934 | D:7      | Found Ybutz's Lightly-Used Armoury.
  6942 | D:7      | Noticed a troll
  6956 | D:7      | Killed a troll
  7024 | D:7      | Reached skill level 7 in Fighting
  7278 | D:7      | Reached skill level 5 in Shields
  7575 | D:7      | Noticed a komodo dragon
  7581 | D:7      | Killed a komodo dragon
  7852 | D:8      | Noticed an orange demon
  7854 | D:8      | Noticed Amaemon
  7858 | D:8      | Killed an orange demon
  7865 | D:8      | Killed Amaemon
  7866 | D:8      | Reached XP level 10. HP: 36/80 MP: 10/10
  8401 | D:8      | Found a runed translucent door.
  8446 | D:8      | Noticed Henri's ghost (amateur SpAM)
  8891 | D:8      | Reached skill level 8 in Fighting
  9002 | Abyss:1  | Cast into level 1 of the Abyss (kobold brigand)
  9132 | Abyss:1  | Noticed an eye of devastation
  9152 | D:8      | Escaped the Abyss
  9585 | D:8      | Noticed Psyche
  9706 | D:8      | Noticed a two-headed ogre
  9804 | D:8      | Noticed a manticore
  9825 | D:8      | Killed a manticore
 10050 | D:8      | Killed Psyche
 10314 | D:8      | HP: 2/82 [poisoned by a kobold brigand (curare-tipped
                  | dart)]
 10315 | D:8      | Succumbed to a kobold brigand's curare-tipped dart

Illustrated notes

Levels and vault maps discovered:
D:1:      shiori_arrival_elements, layout_loops_ring
D:2:      kennysheep_six_static_rooms, layout_basic
D:3:      layout_loops_ring, amcnicky_altar_gilded, serial_shops, shop_statue,
          ebering_ecumenical_altar_sacrificial, serial_bayou_pond_e,
          fountainhead, grunt_ministairs_10, uniq_crazy_yiuf_cottage,
          uniq_jessica, uniq_natasha
D:4:      layout_loops_ring
D:5:      layout_cave_pools, mainiacjoe_overflow_boulevard,
          minmay_temple_entry_gardened_gates
D:6:      layout_loops_ring, serial_shops, shop, grunt_ministairs_13,
          minmay_tree_intersection
D:7:      layout_basic, minmay_shop_damaged
D:8:      nzn_winding_woodlands_small [nzn_winding_woodlands_5x15_longhouse,
          nzn_winding_woodlands_center_lodge, nzn_winding_woodlands_5x15_eye],
          layout_basic, overflow_temple_1_default,
          ebering_ghost_reflecting_pool, nicolae_figureground_pulse,
          uniq_psyche, uniq_amaemon
Temple:   minmay_crystal_spiral_temple

Skill      XL: |  1  2  3  4  5  6  7  8  9 10 |
---------------+-------------------------------+-----
Dodging        | 1 2 3 4 5 6 7 |  7.4
Armour         | 1 2 3 4 5 6 7 |  7.4
Fighting       | 3 4 5 6 7 8 |  8.5
Shields        | 1 2 4 5 6 |  6.6
Long Blades    | |  1.0
Axes           | |  4.5
Stealth        | |  1.0
Evocations     | |  1.0

Action                   |  1- 3 |  4- 6 |  7- 9 | 10-12 || total
-------------------------+-------+-------+-------+-------++-------
Melee: Hand axe          |    60 |   138 |   209 |    79 ||   486
       Punch             |     2 |       |       |       ||     2
       Kick              |     5 |     8 |       |       ||    13
 Fire: Sling             |       |       |    11 |     3 ||    14
Throw: Dart              |       |     3 |       |     7 ||    10
       Throwing net      |       |     1 |       |     1 ||     2
       Javelin           |       |       |       |     5 ||     5
Evoke: Wand              |       |       |       |     8 ||     8
  Use: Scroll            |     6 |     8 |     5 |     5 ||    24
       Potion            |       |     4 |     2 |     3 ||     9
 Stab: Sleeping          |     1 |       |       |       ||     1
       Invisible         |       |     1 |       |       ||     1
       Held in net/web   |       |     1 |       |       ||     1
       Distracted        |       |       |     4 |     1 ||     5
Armor: Leather armour    |     7 |       |       |       ||     7
       Ring mail         |    10 |       |       |       ||    10
       Chain mail        |       |    72 |   107 |    43 ||   222
       Skin              |       |     7 |       |       ||     7
Dodge: Dodged            |    27 |    42 |    79 |    32 ||   180
Block: Buckler           |       |     5 |    49 |    27 ||    81
